 Dungeon Sprint DCSS version 0.28.0-43-g3370ac3207 (webtiles) character file.

Game seed: 16212648163245300054

6535 boopmooplesden the Severer (level 10, -3/105 HPs)
             Began as a Minotaur Berserker on Mar 13, 2022.
             Was the Champion of Trog.
             Slain by a spriggan berserker
             ... wielding a +0 rapier
              (13 damage)
             ... in the Dungeon (Sprint IV: "Fedhas' Mad Dash").
             The game lasted 00:06:16 (3707 turns).

boopmooplesden the Severer (Minotaur Berserker)     Turns: 3707, Time: 00:06:17

Health: -3/105     AC:  5    Str: 25    XL:     10   Next: 69%
Magic:  8/9        EV: 18    Int:  6    God:    Trog [******]
Gold:   7          SH:  0    Dex:  9    Spells: 9/9 levels left

rFire   . . .      SeeInvis .   l - +0 battleaxe
rCold   . . .      Faith    .   (shield currently unavailable)
rNeg    . . .      Spirit   .   j - +1 leather armour
rPois   .          Reflect  .   (helmet restricted)
rElec   .          Harm     .   (no cloak)
rCorr   .          Rampage  .   (no gloves)
Will    .....      NoTele   +   (no boots)
Stlth   +++.......              c - amulet of invisibility {+Inv}
HPRegen 0.27/turn               o - +4 ring of evasion
MPRegen 0.11/turn               (no ring)

@: on berserk cooldown, very slightly contaminated, slowed, invisible, very slow
A: horns 2, retaliatory headbutt
a: Renounce Religion, Evoke Invisibility, Berserk, Trog's Hand, Brothers in Arms


You were in the Dungeon.
You worshipped Trog.
Trog was exalted by your worship.
You visited 1 branch You collected 238 gold pieces.
You spent 231 gold pieces at shops.

Inventory:

Hand Weapons
 a - a +0 hand axe
 i - a +2 whip of venom
 l - a +0 battleaxe (weapon)
 p - the +1 hand axe of Abuse {antimagic, rN+}
   (Trog gifted it to you in the Dungeon)

   It reduces the magical energy of the wielder, and disrupts the spells and
   magical abilities of those it strikes.
   Natural abilities and divine invocations are not affected.
   rN:        It protects you from negative energy.
 r - a +2 antimagic spear
 s - a +3 great sword of flaming
Armour
 b - a +0 animal skin
 j - a +1 leather armour (worn)
Magical Staves
 n - a staff of conjuration
Jewellery
 c - the amulet of invisibility (around neck) {+Inv}
   (You found it in the Dungeon)

   [amulet of nothing]

   +Inv:      It lets you turn invisible.
 o - a +4 ring of evasion (left hand)
Scrolls
 h - a scroll of blinking
 k - a scroll of fog {unknown}
 q - a scroll of brand weapon {unknown}
Potions
 d - 2 potions of heal wounds
 e - a potion of haste
 f - 2 potions of magic
 g - a potion of berserk rage
 m - 2 potions of degeneration


   Skills:
 + Level 15.2 Fighting
 + Level 19.1 Axes
 + Level 7.4 Armour
 + Level 9.2 Dodging
 + Level 7.3 Stealth
 + Level 9.2 Evocations


You had 9 spell levels left.
You didn't know any spells.
Your spell library was empty.

Dungeon Overview and Level Annotations

Branches:
Dungeon (1/1)

Altars:
Cheibriados
Dithmenos
Elyvilon
Gozag
Hepliaklqana
Kikubaaqudgha
Makhleb
Nemelex Xobeh
Okawaru
Qazlal
Ru
Sif Muna
Trog
Uskayaw
Vehumet
Wu Jian
Xom
Yredelemnul
Zin
The Shining One
Beogh
Jiyva
Lugonu

Shops:
D *::*!(!*


Innate Abilities, Weirdness & Mutations

You have a pair of horns on your head.
You reflexively headbutt those who attack you in melee.


Message History

Agnes is moderately wounded.
Agnes completely misses you.
You slice Agnes!!
Agnes is severely wounded.
Agnes hits you with a +3 lajatang of speed!!
Agnes hits you with a +3 lajatang of speed!
You slash Agnes! Your headbutt misses Agnes.
Agnes is severely wounded.
Agnes misses you.
You barely miss Agnes.
Agnes is severely wounded.
Agnes closely misses you. You furiously retaliate!
You headbutt Agnes! You miss Agnes. Your headbutt misses Agnes.
Agnes is almost dead.
Agnes hits you with a +3 lajatang of speed!
You miss Agnes. Your headbutt misses Agnes.
Agnes is almost dead.
Agnes hits you with a +3 lajatang of speed!!
You slash Agnes!
You feel the power of Trog in you as your rage grows.
You kill Agnes!
Trog accepts your kill.
Your Fighting skill increases to level 15!
Your Axes skill increases to level 19!
Your Evocations skill increases to level 9!
You feel a strong urge to attack something.
The spriggan berserker shouts!
The spriggan berserker hits you with a +0 rapier!!
You feel your anger nearly subside.
You are no longer berserk.
You are exhausted.
You feel yourself slow down.
The spriggan berserker hits you with a +0 rapier!
* * * LOW HITPOINT WARNING * * *
The spriggan berserker prays to Trog.
The spriggan berserker goes berserk!
You hit the spriggan berserker but do no damage.
The spriggan berserker hits you with a +0 rapier!!
* * * LOW HITPOINT WARNING * * *
The spriggan berserker hits you with a +0 rapier!
You die...

...#._._._._._.⌠.################
...###################......###.)
####♣♣♣♣♣..♣.###.'.)'.....(['.)).
..'...†..♣..♣##:.#..#.P.....#####
..#♣..♣♣♣†♣).###.##'##.P....#
..#.♣♣..♣...♣'...#♣.♣########
####*#############.....#*#*
,,,,,,,,,* ###i.♣..♣....#**
,,,,,,,,.#####..@♣.)....♣..,****
,,,,,,,,..........♣.....∩.∩,,,,*
,,,,,,,,...################*****
************ ******* ******* ,,*
***,,*****,,,∩∩***,,,,,*** ,,*
*,,,,+,,,,,,,,,**,,,,,,+,* ***
*,,,,*****,,,,,+,,,,,,,*** *
**,,,,* ******************
****,,,,,*****∩∩∩*,,,,,,,,,,,,***


You could see a spriggan berserker (berserk).

Vanquished Creatures
  Agnes (D)
  A spriggan druid (D)
  6 oklob plants (D)
  A demonic crawler (D)
  3 burning bushes (D)
  A queen bee (D)
  2 hornets (D)
  3 wandering mushrooms (D)
  4 scorpions (D)
  4 killer bees (D)
  5 oklob saplings (D)
  5 spriggans (D)
  A river rat (D)
  A rat (D)
38 creatures vanquished.

Vanquished Creatures (others)
  A ballistomycete spore (D)
  A fungus (D)
2 creatures vanquished.

Grand Total: 40 creatures vanquished

Notes
Turn   | Place    | Note
-------+----------+-------------------------------------------
     0 | D        | boopmooplesden the Minotaur Berserker began the quest for
                  | the Orb.
     0 | D        | Reached XP level 1. HP: 19/19 MP: 0/0
     8 | D        | Reached skill level 5 in Fighting
     8 | D        | Reached skill level 4 in Axes
     8 | D        | Reached XP level 2. HP: 29/29 MP: 1/1
    18 | D        | Noticed an oklob sapling
    19 | D        | Killed an oklob sapling
    19 | D        | Reached ** piety under Trog
    20 | D        | Reached skill level 5 in Axes
    20 | D        | Reached XP level 3. HP: 37/37 MP: 2/2
    21 | D        | Noticed a scorpion
    21 | D        | Found the amulet of invisibility {+Inv}
    30 | D        | Killed a scorpion
    31 | D        | Reached skill level 7 in Axes
    31 | D        | Reached XP level 4. HP: 6/48 MP: 3/3
   506 | D        | Found an opulent altar of Gozag.
   506 | D        | Found a hazy altar of Hepliaklqana.
   506 | D        | Found a snail-covered altar of Cheibriados.
   510 | D        | Found a viscous altar of Jiyva.
   510 | D        | Found a burning altar of Makhleb.
   510 | D        | Found a sparkling altar of Nemelex Xobeh.
   510 | D        | Found a sacrificial altar of Ru.
   510 | D        | Found a shimmering blue altar of Sif Muna.
   510 | D        | Found a bloodstained altar of Trog.
   510 | D        | Found an ornate altar of the Wu Jian Council.
   510 | D        | Found a shimmering altar of Xom.
   510 | D        | Found a basalt altar of Yredelemnul.
   511 | D        | Found an iron altar of Okawaru.
   511 | D        | Found a shadowy altar of Dithmenos.
   511 | D        | Found a glowing silver altar of Zin.
   512 | D        | Found an ancient bone altar of Kikubaaqudgha.
   512 | D        | Found a hide-covered altar of Uskayaw.
   513 | D        | Found a stormy altar of Qazlal.
   513 | D        | Found a white marble altar of Elyvilon.
   513 | D        | Found a glowing golden altar of the Shining One.
   514 | D        | Found a corrupted altar of Lugonu.
   514 | D        | Found a radiant altar of Vehumet.
   519 | D        | Reached skill level 8 in Axes
   519 | D        | Reached skill level 1 in Evocations
   519 | D        | Reached XP level 5. HP: 44/56 MP: 1/4
   693 | D        | Reached *** piety under Trog
   694 | D        | Reached skill level 9 in Axes
   743 | D        | Reached skill level 1 in Stealth
   748 | D        | Reached skill level 5 in Dodging
   749 | D        | Reached **** piety under Trog
   750 | D        | Reached skill level 10 in Fighting
   750 | D        | Reached skill level 5 in Armour
   750 | D        | Reached XP level 6. HP: 66/66 MP: 5/5
   761 | D        | Found Powkeen's Book Shop.
   762 | D        | Found Merush's Assorted Antiques.
   768 | D        | Bought a battleaxe for 123 gold pieces
   847 | D        | Noticed a burning bush
   847 | D        | Noticed a wandering mushroom
   848 | D        | Noticed a wandering mushroom
   922 | D        | Killed a wandering mushroom
   923 | D        | Reached skill level 11 in Axes
  1335 | D        | Reached XP level 7. HP: 66/74 MP: 6/6
  1347 | D        | Killed a burning bush
  1348 | D        | Reached skill level 12 in Axes
  1514 | D        | Found Gifama's Weapon Emporium.
  1514 | D        | Found Soseelov's Distillery.
  1568 | D        | Noticed a queen bee
  1578 | D        | Reached ***** piety under Trog
  1581 | D        | Killed a queen bee
  1582 | D        | Reached skill level 13 in Axes
  1582 | D        | Reached skill level 5 in Evocations
  1582 | D        | Reached XP level 8. HP: 83/83 MP: 5/7
  1618 | D        | Noticed an oklob plant
  1623 | D        | Killed an oklob plant
  1624 | D        | Reached skill level 14 in Axes
  1809 | D        | Noticed a burning bush
  1819 | D        | Killed a burning bush
  2007 | D        | Bought a scroll labelled SUAS ULANEKIOS for 19 gold pieces
  2007 | D        | Bought a scroll labelled NEERGH VAICW for 19 gold pieces
  2173 | D        | Noticed a burning bush
  2173 | D        | Noticed an oklob plant
  2178 | D        | Noticed a wandering mushroom
  2185 | D        | Killed a burning bush
  2186 | D        | Reached skill level 15 in Axes
  2186 | D        | Reached XP level 9. HP: 28/92 MP: 6/8
  2211 | D        | Reached skill level 5 in Stealth
  2475 | D        | Killed an oklob plant
  2475 | D        | Reached ****** piety under Trog
  2476 | D        | Reached skill level 16 in Axes
  2543 | D        | Noticed a spriggan druid
  2551 | D        | Killed a spriggan druid
  2776 | D        | Noticed an oklob plant conjurer
  2782 | D        | Killed an oklob plant conjurer
  2782 | D        | Identified the +1 hand axe of Abuse {antimagic, rN+} (Trog
                  | gifted it to you in the Dungeon)
  2782 | D        | Received a gift from Trog
  2783 | D        | Reached skill level 17 in Axes
  3070 | D        | Noticed an oklob plant
  3070 | D        | Noticed an oklob plant summoner
  3075 | D        | Noticed an oklob plant shifter
  3083 | D        | Killed an oklob plant shifter
  3084 | D        | Reached XP level 10. HP: 102/102 MP: 7/9
  3087 | D        | Killed an oklob plant
  3091 | D        | Killed an oklob plant summoner
  3198 | D        | Reached skill level 18 in Axes
  3418 | D        | Noticed a spriggan rider
  3421 | D        | Found Qaliarargh's Distillery.
  3423 | D        | Received a gift from Trog
  3436 | D        | Found Cugoirph's General Store.
  3459 | D        | Bought a potion of heal wounds for 70 gold pieces
  3688 | D        | Noticed Agnes
  3690 | D        | Found Zeriuh's Book Emporium.
  3690 | D        | Noticed a spriggan berserker
  3692 | D        | Found Buahib's Assorted Antiques.
  3701 | D        | Killed Agnes
  3702 | D        | Reached skill level 15 in Fighting
  3702 | D        | Reached skill level 19 in Axes
  3707 | D        | Slain by a spriggan berserker

Illustrated notes

Levels and vault maps discovered:
D:        dungeon_sprint_fedhas [sprint_temple]

Skill      XL: |  1  2  3  4  5  6  7  8  9 10 |
---------------+-------------------------------+-----
Fighting       | 5 6 7 8 10 11 12 13 15 | 15.2
Axes           | 4 5 7 8 9 11 13 15 17 19 | 19.1
Armour         | 3 4 5 6 7 |  7.4
Dodging        | 3 4 5 6 7 8 9 |  9.2
Evocations     | 1 2 3 5 6 7 9 |  9.2
Stealth        | 1 2 3 4 6 7 |  7.3

Action                   |  1- 3 |  4- 6 |  7- 9 | 10-12 || total
-------------------------+-------+-------+-------+-------++-------
Melee: Hand axe          |    14 |    18 |       |       ||    32
       Headbutt          |     3 |     6 |     8 |     2 ||    19
       Punch             |       |     2 |       |       ||     2
       Battleaxe         |       |     9 |    59 |    35 ||   103
Invok: Berserk           |     1 |     1 |     7 |     3 ||    12
 Abil: Evoke Invisibilit |       |     3 |     7 |     1 ||    11
  Use: Potion            |     1 |       |       |       ||     1
       Scroll            |       |       |     4 |       ||     4
 Stab: Sleeping          |       |     1 |     1 |       ||     2
       Invisible         |       |       |     5 |     1 ||     6
Armor: Animal skin       |     3 |       |       |       ||     3
       Leather armour    |       |     1 |     2 |     1 ||     4
Dodge: Dodged            |     2 |    15 |    24 |    17 ||    58
